 Dungeon Crawl Stone Soup version 0.31.0-11-ge490571c62 (webtiles) character file.

Game seed: 9193482740358191924

102 Ashen the Sneak (level 4, -1/38 HPs)
             Began as a Naga Alchemist on Jan 26, 2024.
             Was an Initiate of Cheibriados.
             Slain by an orc
             ... wielding a +0 trident
              (6 damage)
             ... on level 3 of the Dungeon.
             The game lasted 00:07:27 (2688 turns).

Ashen the Sneak (Naga Alchemist)                    Turns: 2688, Time: 00:07:28

Health: -1/38      AC:  5    Str: 11    XL:     4   Next: 77%
Magic:  2/7        EV:  9    Int: 18    God:    Cheibriados [......]
Gold:   111        SH:  0    Dex: 13    Spells: 2/8 levels left

rFire   . . .        r - +0 trident
rCold   . . .        (no shield)
rNeg    . . .        f - +3 leather armour
rPois   +            (no helmet)
rElec   .            (no cloak)
rCorr   .            (no gloves)
SInv    +            (no barding)
Will    .....        (no amulet)
Stlth   ++           (no ring)
HPRegen 0.26/turn    (no ring)
MPRegen 0.10/turn

%: no passive effects
@: very slow
A: AC +1, large, see invisible, deformed body, poison resistance, slowness 2,
spit poison 1, naga tail 1
a: Spit Poison, Renounce Religion


You were on level 3 of the Dungeon.
You worshipped Cheibriados.
Cheibriados was noncommittal.
You visited 1 branch of the dungeon, and saw 3 of its levels.

You collected 111 gold pieces.

Inventory:

Hand Weapons
 r - a +0 trident (weapon)
Armour
 f - a +3 leather armour (worn)
Magical Staves
 g - a staff of earth
 o - a staff of alchemy
Jewellery
 c - an amulet of regeneration
 h - a ring of positive energy
 k - a ring of fire
Scrolls
 a - a scroll of amnesia {unknown}
 j - 3 scrolls of poison {unknown}
 n - a scroll of vulnerability {unknown}
 p - 3 scrolls of identify {unknown}
 q - a scroll of teleportation {unknown}
Potions
 b - a potion of magic
 d - 2 potions of mutation {unknown}
 e - a potion of curing {unknown}
 i - a potion of brilliance {unknown}
 l - a potion of ambrosia {unknown}
 m - 2 potions of attraction {unknown}


   Skills:
 + Level 1.0 Fighting
 + Level 2.1 Dodging
 + Level 4.3 Stealth
 + Level 2.5 Spellcasting
 + Level 2.0 Conjurations
 + Level 4.2 Alchemy


You had 2 spell levels left.
You knew the following spells:

 Your Spells              Type           Power      Damage    Failure   Level
a - Sting                 Conj/Alch      52%        1d6       6%          1
b - Mercury Vapours       Alch/Air       18%        N/A       14%         2
c - Mephitic Cloud        Conj/Alch/Air  9%         N/A       28%         3

Your spell library contained the following spells:

 Spells                   Type           Power      Damage    Failure   Level
 Kiss of Death            Conj/Necr      20%        2d7       16%         1
 Jinxbite                 Hex            4%         N/A       34%         2
 Lesser Beckoning         Tloc           4%         N/A       34%         2
 Olgreb's Toxic Radiance  Alch           17%        N/A       36%         4
 Confusing Touch          Hex            2%         N/A       56%         3
 Gell's Gravitas          Tloc           2%         N/A       56%         3
 Teleport Other           Tloc           2%         N/A       56%         3
 Tukima's Dance           Hex            2%         N/A       56%         3
 Sticky Flame             Fire/Alch      9%         2d5       67%         4
 Dispel Undead            Necr           2%         3d7       92%         4
 Passage of Golubria      Tloc           2%         N/A       92%         4
 Yara's Violent Unravell  Hex/Alch       4%         3d4       95%         5
 Enfeeble                 Hex            1%         N/A       100%        7


Dungeon Overview and Level Annotations

Branches:
Dungeon (3/15)

Altars:
Cheibriados
Ru


Innate Abilities, Weirdness & Mutations

Your serpentine skin is tough. (AC +1)
You have supernaturally acute eyesight. (SInv)
Armour fits poorly on your strangely shaped body.
Your system is resistant to poisons. (rPois)
You cover ground very slowly.
You can spit poison.
You have a snake-like lower body.


Message History

Your Conjurations skill increases to level 2!
You barely miss the orc.
The orc is almost dead.
The orc hits you but does no damage.
You hit the orc.
You kill the orc!
Cheibriados appreciates the change of pace.
The ball python bites you.
Unknown command.
You hit the ball python.
You kill the ball python!
Cheibriados thoroughly appreciates the change of pace.
The orc hits you with a +0 flail.
Your magical contamination has completely faded away.
You hit the orc but do no damage.
You hear the rapid rusting of a drain very nearby.
The orc is no longer weakened. x2; The orc hits you but does no damage.
You barely miss the orc. The orc hits you with a +0 flail.
The orc hits you from afar with a +0 trident.
You barely miss the orc.
The orc is no longer weakened.
The orc hits you with a +0 flail.
The orc hits you from afar with a +0 trident.
The orc closely misses you. The orc barely misses you.
You hit the orc.
The orc is lightly wounded.
The orc hits you with a +0 flail.
The orc hits you from afar with a +0 trident.
You are too injured to fight recklessly!
You are too injured to fight recklessly!
You barely miss the orc.
The orc is lightly wounded.
The orc closely misses you. The orc hits you but does no damage.
You hit the orc but do no damage.
The orc is lightly wounded.
The orc hits you with a +0 flail.
* * * LOW HITPOINT WARNING * * *
The orc closely misses you. The orc hits you with a +0 flail.
* * * LOW HITPOINT WARNING * * *
The orc hits you from afar with a +0 trident.
You die...

#####..........#
.# #..#######.#
.# #..# #.#
.####..# #.#
....#..#
#.#####$.
.......#
#........
.....#.#
#.#####.#
....##.# #.#.##
....# #.###@#
.#### #.#
##oo..... .# #.
#.....# .# .
#...## ## # #.##
.# #


You could see 2 orcs.

Vanquished Creatures
  3 gnolls (D:3)
  2 adders (D:2)
  3 dart slugs
  2 ribbon worms
  2 orcs (D:3)
  4 ball pythons
  5 endoplasms
  A giant cockroach (D:2)
  6 goblins
  A hobgoblin (D:1)
  5 kobolds
  4 quokkas
  A frilled lizard (D:1)
  5 rats (D:1)
44 creatures vanquished.

Notes
Turn   | Place    | Note
-------+----------+-------------------------------------------
     0 | D:1      | Ashen the Naga Alchemist began the quest for the Orb.
     0 | D:1      | Reached XP level 1. HP: 15/15 MP: 3/3
   147 | D:1      | Reached XP level 2. HP: 22/22 MP: 0/5
  1181 | D:1      | Learned a level 2 spell: Mercury Vapours
  1250 | D:2      | Reached XP level 3. HP: 28/28 MP: 2/6
  1655 | D:2      | Learned a level 3 spell: Mephitic Cloud
  1953 | D:2      | Reached XP level 4. HP: 37/37 MP: 1/7
  2340 | D:3      | Reached skill level 1 in Fighting
  2581 | D:3      | Found a sacrificial altar of Ru.
  2607 | D:3      | Found a snail-covered altar of Cheibriados.
  2629 | D:3      | Became a worshipper of Cheibriados the Contemplative
  2688 | D:3      | Slain by an orc

Illustrated notes

Levels and vault maps discovered:
D:1:      dpeg_arrival_tiny_g, layout_basic
D:2:      layout_basic
D:3:      layout_loops_ring, slow_altar_1, mainiacjoe_overflow_alcove_4,
          shapermc_ecumenical_altar_mp_urbaneastern, portal_sewer_entry_b

Skill      XL: |  1  2  3  4 |
---------------+-------------+-----
Alchemy        | 4 |  4.2
Dodging        | 2 |  2.1
Stealth        | 4 |  4.3
Fighting       | 1 |  1.0
Conjurations   | 2 |  2.0
Spellcasting   | |  2.5

Action                     |  1- 3 |  4- 6 || total
---------------------------+-------+-------++-------
  Melee: Whip              |    12 |       ||    12
         Punch             |     1 |       ||     1
         Staff             |     9 |       ||     9
         Trident           |       |    43 ||    43
   Cast: Sting             |    54 |    13 ||    67
         Mercury Vapours   |     3 |     3 ||     6
Ability: Spit Poison       |     2 |       ||     2
   Stab: Sleeping          |     1 |     4 ||     5
 Armour: Robe              |     4 |       ||     4
         Leather armour    |    16 |    41 ||    57
  Dodge: Dodged            |    21 |    22 ||    43
